[Event "Team 45 45 League T28"]
[Site "Internet Chess Club"]
[Date "2005.10.15"]
[Round "5"]
[White "reijo"]
[Black "DaveTheRook"]
[Result "1/2-1/2"]
[WhiteElo "1485"]
[BlackElo "1687"]
[TimeControl "2700+45"]

1. d4 Nf6 2. c4 g6 3. Nc3 Bg7 4. e4 d6 5. Nf3 O-O 6. Be2 Nbd7 7. O-O c6 8. Be3
Ng4 9. Bg5 h6 10. Bc1 e5 11. d5 cxd5 12. cxd5 a6 13. h3 Ngf6 14. Be3 b5 15. a3
Nb6 16. Nd2 Ne8 17. f3 f5 18. Nb3 f4 19. Bf2 Nd7 20. Rc1 Bb7 21. Na2 Rc8 22. Qd2
Nef6 23. Nb4 Nb8 24. Rxc8 Qxc8 25. Na5 Qd7 26. Rc1 Rc8 27. Rxc8+ {Game drawn by
mutual agreement} 1/2-1/2

[Event "Team 45 45 League T28"]
[Site "Internet Chess Club"]
[Date "2005.10.14"]
[Round "5"]
[White "gule"]
[Black "Bort"]
[Result "0-1"]
[WhiteElo "1854"]
[BlackElo "1899"]
[TimeControl "2700+45"]

1. d4 Nf6 2. c4 e6 3. Nc3 Bb4 4. Qc2 c5 5. dxc5 O-O 6. Nf3 Na6 7. e3 Nxc5 8. a3
Bxc3+ 9. Qxc3 a5 10. b3 b6 11. Be2 Ba6 12. O-O d5 13. Rd1 Nce4 14. Qc2 Qc7 15.
Bb2 Rac8 16. Be5 Qc6 17. Nd4 Qc5 18. b4 Qe7 19. b5 Bb7 20. Qb3 Nd7 21. Nf3 dxc4
22. Bxc4 Nxe5 23. Nxe5 Qf6 24. Nf3 Nc5 25. Qa2 Bxf3 26. gxf3 Qxf3 27. Be2 Qf6
28. Qc4 Qg6+ 29. Qg4 Qf6 30. a4 Rfd8 31. Rxd8+ Rxd8 32. Rd1 Rxd1+ 33. Bxd1 Qg6
34. Qxg6 hxg6 35. Bc2 Kf8 36. Kg2 Ke7 37. Kf3 Kd6 38. Ke2 Kd5 39. f4 Kc4 40. e4
Kc3 41. Kd1 Kd4 42. f5 Nxe4 43. fxe6 fxe6 44. Ke2 g5 45. Kf3 Nf6 46. h3 e5 47.
Ke2 e4 48. Bb1 Nd5 49. Ke1 e3 50. Bc2 Nf4 51. Bf5 e2 52. Bg4 Ke3 53. Bh5 Nd3#
{White checkmated} 0-1

[Event "Team 45 45 League T28"]
[Site "Internet Chess Club"]
[Date "2005.10.14"]
[Round "5"]
[White "buzzard"]
[Black "Poet-Laureate"]
[Result "1-0"]
[WhiteElo "1755"]
[BlackElo "1720"]
[TimeControl "2700+45"]

1. e4 c6 2. d4 d5 3. Nc3 dxe4 4. Bc4 Nf6 5. f3 Bf5 6. Bg5 Nbd7 7. Qe2 exf3 8.
Nxf3 h6 9. Bh4 Bg4 10. O-O e6 11. Ne4 Be7 12. c3 O-O 13. Bg3 Nb6 14. Bb3 Nbd5
15. Qd3 Bf5 16. Nxf6+ Nxf6 17. Qe2 Bg4 18. Qd3 Bf5 19. Qe2 Ne4 20. Bf4 c5 21.
Rad1 Qb6 22. Kh1 cxd4 23. Nxd4 Bg6 24. Be3 Qa5 25. Nf3 Rfd8 26. Bd4 Qh5 27. Kg1
Nc5 28. Bc4 a6 29. a3 b5 30. Ba2 Bf5 31. Qe5 f6 32. Qe3 Rac8 33. Nh4 Kh8 34.
Nxf5 exf5 35. Qxe7 Ne4 36. Bxf6 Nxf6 37. Rxd8+ Rxd8 38. Qxd8+ Kh7 39. Bb1 Ng4
40. Bxf5+ g6 41. Bxg4 Qc5+ 42. Kh1 h5 43. Bh3 Qe5 44. Rf7+ Kh6 45. Qd2+ g5 46.
Bf5 {Black resigns} 1-0

[Event "Team 45 45 League T28"]
[Site "Internet Chess Club"]
[Date "2005.10.15"]
[Round "5"]
[White "DBTaylor"]
[Black "Kickflip89"]
[Result "1-0"]
[WhiteElo "1506"]
[BlackElo "1585"]
[TimeControl "2700+45"]

1. d4 Nf6 2. Nf3 g6 3. Nc3 Bg7 4. Bf4 d6 5. e4 Bg4 6. Be2 Nbd7 7. Qd2 b5 8. Bh6
b4 9. Bxg7 bxc3 10. Qxc3 Nxe4 11. Qe3 Bxf3 12. Bxf3 Rg8 13. Bh6 d5 14. Bxe4 dxe4
15. Qxe4 Rb8 16. b3 Rb6 17. O-O Nf6 18. Qh4 Re6 19. Rfe1 Qd5 20. c4 Rxe1+ 21.
Rxe1 Qa5 22. Kf1 Qxa2 23. Qxf6 e6 24. Bg5 Qa3 25. Qd8# {Black checkmated} 1-0

[Event "Team 45 45 League T28"]
[Site "Internet Chess Club"]
[Date "2005.10.16"]
[Round "5"]
[White "fuzzface"]
[Black "Traho"]
[Result "0-1"]
[WhiteElo "1379"]
[BlackElo "1403"]
[TimeControl "2700+45"]

1. d4 Nf6 2. g3 d5 3. Bg2 c6 4. e3 Bg4 5. Ne2 e6 6. a3 Bd6 7. b4 O-O 8. Nbc3 a6
9. Qd3 Re8 10. O-O e5 11. f3 e4 12. Qd1 Bh5 13. Qe1 Qd7 14. Nf4 Bxf4 15. exf4
exf3 16. Qf2 fxg2 17. Qxg2 Qf5 18. Na4 Nbd7 19. Nc3 Ne4 20. Bd2 Nxc3 21. Bxc3
Re2 22. Rf2 Rae8 23. h3 Qxc2 24. Re1 Rxe1+ 25. Bxe1 Rxe1+ 26. Kh2 Re2 27. Kg1
Rxf2 28. Qxf2 Qxf2+ 29. Kxf2 f5 30. g4 fxg4 31. hxg4 Bxg4 32. Kg3 Bf5 {White
resigns} 0-1

[Event "Team 45 45 League T28"]
[Site "Internet Chess Club"]
[Date "2005.10.15"]
[Round "5"]
[White "SandiaCaveMan"]
[Black "Fogbound"]
[Result "0-1"]
[WhiteElo "1367"]
[BlackElo "1299"]
[TimeControl "2700+45"]

1. d4 g6 2. e4 Bg7 3. Nf3 d6 4. c3 Bg4 5. Be2 c6 6. O-O Nd7 7. Nbd2 e6 8. Nc4
Qc7 9. Ne3 h5 10. Nxg4 hxg4 11. Nd2 d5 12. g3 Ndf6 13. e5 Ne4 14. Nxe4 dxe4 15.
Bxg4 O-O-O 16. Re1 Kb8 17. Qe2 f5 18. Bf3 exf3 19. Qxf3 Ne7 20. a4 Rh3 21. a5
Rdh8 22. Kf1 Rxh2 23. b4 Nd5 24. Bd2 Bh6 25. Bxh6 R8xh6 26. c4 Nxb4 27. Qb3 c5
28. dxc5 Qxc5 29. Rad1 Qxf2# {White checkmated} 0-1

[Event "Team 45 45 League T28"]
[Site "Internet Chess Club"]
[Date "2005.10.15"]
[Round "5"]
[White "klt713"]
[Black "Willymty"]
[Result "0-1"]
[WhiteElo "1195"]
[BlackElo "1335"]
[TimeControl "2700+45"]

1. d4 d5 2. c4 c6 3. Nc3 Nf6 4. Nf3 h6 5. e3 e6 6. Ne5 Bd6 7. Bd3 Nbd7 8. Nxd7
Bxd7 9. e4 e5 10. dxe5 Bxe5 11. h3 d4 12. Ne2 O-O 13. f4 Qe7 14. fxe5 Qxe5 15.
Bf4 Qc5 16. O-O Nh5 17. Bd2 Qe5 18. Nf4 Ng3 19. Re1 Rae8 20. Bb4 c5 21. Bd2 a6
22. Kh2 Qg5 {White forfeits on time} 0-1

[Event "Team 45 45 League T28"]
[Site "Internet Chess Club"]
[Date "2005.10.16"]
[Round "5"]
[White "littleboo"]
[Black "ffplayer"]
[Result "0-1"]
[WhiteElo "1197"]
[BlackElo "1177"]
[TimeControl "2700+45"]

1. e4 e5 2. Nf3 d6 3. Nc3 Nf6 4. d4 Nbd7 5. Bc4 Be7 6. O-O b6 7. dxe5 dxe5 8.
Nxe5 Nxe5 9. Qxd8+ Bxd8 10. Bf4 Nxc4 11. Rab1 O-O 12. e5 Nd7 13. Rfe1 Re8 14.
Nd5 Ncxe5 15. Nb4 c5 16. Nc6 f6 17. Re3 Bb7 18. Nxd8 Raxd8 19. Bg3 Ng6 20. Rbe1
Rxe3 21. Rxe3 Kf7 22. f4 Re8 23. Rd3 Bc8 24. f5 Nge5 25. Rd2 Nc4 26. Rd3 Nde5
27. Rd1 Bxf5 28. b3 Na5 29. c3 Nd3 30. b4 cxb4 31. cxb4 Nxb4 32. Rf1 g6 33. Bd6
Nd3 34. g4 Re1 35. gxf5 Rxf1+ 36. Kxf1 gxf5 {White resigns} 0-1

[Event "Team 45 45 League T28"]
[Site "Internet Chess Club"]
[Date "2005.10.16"]
[Round "5"]
[White "MJBerkey88"]
[Black "chesskix"]
[Result "1-0"]
[WhiteElo "1391"]
[BlackElo "1428"]
[TimeControl "2700+45"]

1. e4 e5 2. f4 exf4 3. Nf3 Be7 4. d4 Bh4+ 5. Ke2 d6 6. Bxf4 Bg4 7. Nd2 Nf6 8. g3
Nh5 9. Be3 Bg5 10. Kf2 Bxe3+ 11. Kxe3 O-O 12. Kf2 Nc6 13. Be2 Qf6 14. c3 Qh6 15.
h3 Bxf3 16. Bxf3 Nf6 17. Kg2 Rfe8 18. Rf1 Re7 19. Qe2 Rae8 20. Rae1 Qg6 21. Qd3
Nh5 22. Bxh5 Qxh5 23. Qf3 Qh6 24. Qf4 Qg6 25. Rf2 Nd8 26. Rfe2 Ne6 27. Qf2 Ng5
28. e5 dxe5 29. Rxe5 Rxe5 30. Rxe5 Rxe5 31. dxe5 b6 32. Qd4 Ne6 33. Qe4 h5 34.
Qxg6 fxg6 35. Ne4 a5 36. Kf3 Kf7 37. g4 Ke7 38. g5 Kd7 39. h4 Kc6 40. Ke3 Kd5
41. b4 axb4 42. cxb4 Kxe5 43. a4 Kd5 44. a5 bxa5 45. bxa5 Kc6 46. Nc3 Kb7 47.
Ke4 Ka6 48. Nd5 Kxa5 49. Ke5 Nxg5 50. hxg5 h4 51. Kf4 h3 52. Kg3 c5 53. Nc3 Kb4
54. Ne2 c4 55. Kxh3 Kc5 56. Kg4 Kd5 57. Kf4 Ke6 58. Nc3 Kd6 59. Ke4 Kc5 60. Ke5
Kb4 61. Ne2 c3 62. Nxc3 Kxc3 63. Ke6 Kd4 64. Kf7 Ke4 65. Kxg7 Kf5 66. Kh6 Kg4
67. Kxg6 {Black resigns} 1-0

[Event "Team 45 45 League T28"]
[Site "Internet Chess Club"]
[Date "2005.10.16"]
[Round "5"]
[White "Havoc"]
[Black "Mississippian"]
[Result "0-1"]
[WhiteElo "1291"]
[BlackElo "1417"]
[TimeControl "2700+45"]

1. d4 Nf6 2. c4 g6 3. Nc3 d5 4. Bg5 Ne4 5. Bf4 Nxc3 6. bxc3 Bg7 7. e3 c6 8. Nf3
O-O 9. Bd3 Nd7 10. O-O Re8 11. cxd5 cxd5 12. e4 e5 13. Bg5 Qc7 14. Qc2 Nb6 15.
exd5 Nxd5 16. c4 Nb4 17. d5 Nxc2 18. Bxc2 e4 {White resigns} 0-1 
MoluscoGrotesco(71): hola

[Event "Team 45 45 League T28"]
[Site "Internet Chess Club"]
[Date "2005.10.21"]
[Round "5"]
[White "clarinetref"]
[Black "Mikey29a"]
[Result "0-1"]
[WhiteElo "1517"]
[BlackElo "1643"]
[TimeControl "2700+45"]

1. Nf3 Nf6 2. g3 g6 3. Bg2 Bg7 4. O-O O-O 5. c4 d6 6. d4 Nfd7 7. e3 e5 8. Nbd2
f5 9. dxe5 dxe5 10. Ng5 Qxg5 11. f4 Qe7 12. fxe5 Nxe5 13. Qb3 Nbc6 14. Nf3 Rb8
15. Bd2 Be6 16. Nd4 Bxc4 17. Qc3 Bxf1 18. Rxf1 Nxd4 19. exd4 Nc6 20. Qc4+ Kh8
21. d5 Ne5 22. Qb3 Rfd8 23. Re1 Qc5+ 24. Kh1 Ng4 25. h3 Nf2+ 26. Kh2 Ne4 27. Bf4
Qxd5 28. Bxc7 Qxb3 29. axb3 Rbc8 30. Bxd8 Rxd8 31. Re2 Rd2 32. Rxd2 Nxd2 33.
Bxb7 Bxb2 34. b4 Kg7 35. Kg2 Kf6 36. Kf2 Ke5 37. Bc6 Bc3 38. b5 Ne4+ 39. Kf3 Be1
40. g4 Ng5+ 41. Ke2 Bg3 42. gxf5 gxf5 43. Bg2 Kd4 44. Bc6 Nxh3 45. Kf3 Bd6 46.
Bd7 Ke5 47. Kg3 Ng5 48. Kh4 Ne4 49. Bc6 f4 50. Kg4 Kd4 51. Kf3 Ng5+ 52. Kf2 Ne4+
53. Kf3 Nc3 54. Kf2 Kc5 55. Kf3 Nxb5 56. Be4 h6 57. Bg6 a5 58. Bf7 a4 59. Ke4 a3
60. Kd3 Kb4 {White resigns} 0-1

[Event "Team 45 45 League T28"]
[Site "Internet Chess Club"]
[Date "2005.10.19"]
[Round "5"]
[White "boozehound"]
[Black "Just-Jim"]
[Result "1-0"]
[WhiteElo "1455"]
[BlackElo "1292"]
[TimeControl "2700+45"]

1. e4 e5 2. Nf3 Nc6 3. Bc4 h6 4. O-O Bc5 5. c3 Nf6 6. d4 exd4 7. cxd4 Bb4 8. Bd2
Bxd2 9. Nbxd2 Na5 10. Bd3 d6 11. Qa4+ c6 12. b4 b5 13. Qxa5 Qxa5 14. bxa5 Bd7
15. Rfe1 O-O 16. e5 dxe5 17. Nxe5 Be8 18. Ne4 Nd5 19. Nd6 Nb4 20. Be4 f5 21.
Nxf5 Rd8 22. Ne7+ Kh8 23. N7g6+ Bxg6 24. Nxg6+ Kg8 25. Nxf8 Kxf8 26. a3 Na6 27.
Rad1 Rd6 28. Bf3 Nc7 29. Re5 Ne6 30. d5 Ng5 31. Bh5 c5 32. Re8# {Black
checkmated} 1-0

[Event "Team 45 45 League T28"]
[Site "Internet Chess Club"]
[Date "2005.10.14"]
[Round "5"]
[White "jientho"]
[Black "Invicta-Knight"]
[Result "0-1"]
[WhiteElo "1362"]
[BlackElo "1461"]
[TimeControl "2700+45"]

1. e4 e5 2. Nf3 Nc6 3. Bc4 Nf6 4. Ng5 d5 5. exd5 b5 6. Bf1 Nxd5 7. Bxb5 Bd7 8.
Qf3 Qxg5 9. Qxd5 Qf6 10. Nc3 Qd6 11. O-O Qxd5 12. Nxd5 Bd6 13. Ne3 O-O 14. Re1
f6 15. d3 Rab8 16. Bc4+ Kh8 17. Bb3 Nd4 18. Bd2 Rb7 19. Bc3 Nb5 20. Nc4 Bc5 21.
Ba4 Be6 22. Bxb5 Rxb5 23. b4 Bxb4 24. Bxb4 Rxb4 25. Rab1 Rfb8 26. Na3 Bxa2 27.
Rxb4 Rxb4 28. Ra1 Be6 29. c4 Rb3 30. Nb5 Rxd3 31. Rc1 Bxc4 32. Nxc7 Rd7 33. Nb5
h6 34. Na3 Be6 35. h3 Kh7 36. f3 h5 37. Kf2 g5 38. g4 h4 39. Rc6 Rd2+ 40. Ke3
Ra2 41. Rxe6 Rxa3+ 42. Ke4 Ra4+ 43. Kf5 Rf4# {White checkmated} 0-1     
**ANNOUNCEMENT** from ROBOadmin: "help event2" for a list of all the upcoming
events on the Internet Chess Club!

[Event "Team 45 45 League T28"]
[Site "Internet Chess Club"]
[Date "2005.10.13"]
[Round "5"]
[White "Thersites"]
[Black "cayo89"]
[Result "1-0"]
[WhiteElo "1682"]
[BlackElo "1669"]
[TimeControl "2700+45"]

1. e4 e6 2. d4 d5 3. Nd2 dxe4 4. Nxe4 Nd7 5. Nf3 Ngf6 6. Bd3 Nxe4 7. Bxe4 Nf6 8.
Bg5 Be7 9. Bxf6 Bxf6 10. Qd3 Qd6 11. c3 h6 12. O-O-O c6 13. Qc2 Qf4+ 14. Kb1 Bd7
15. Rhe1 O-O 16. g3 Qc7 17. h4 Rfd8 18. g4 Qf4 19. g5 hxg5 20. hxg5 Bxg5 21.
Nxg5 Qxg5 22. Rh1 g6 23. Rdg1 Qf4 24. Bxg6 fxg6 25. Qxg6+ Kf8 26. Qg7+ Ke8 27.
Rh8+ Qf8 28. Rxf8# {Black checkmated} 1-0

[Event "Team 45 45 League T28"]
[Site "Internet Chess Club"]
[Date "2005.10.16"]
[Round "5"]
[White "JesterFox"]
[Black "tammany"]
[Result "0-1"]
[WhiteElo "1544"]
[BlackElo "1493"]
[TimeControl "2700+45"]

1. c4 e5 2. Nc3 b6 3. Nf3 Nc6 4. e3 d6 5. b4 Nf6 6. Be2 Bb7 7. a3 Ne7 8. d3 Ng6
9. Bb2 Be7 10. Qc2 O-O 11. O-O-O a5 12. b5 Rc8 13. d4 exd4 14. exd4 Ng4 15. Bd3
Bxf3 16. gxf3 Bg5+ 17. Kb1 Nf6 18. Rhg1 Bh6 19. Ne2 Re8 20. Rde1 Nh4 21. Rg3 c6
22. a4 cxb5 23. axb5 Ng6 24. Reg1 Nd5 25. Bxg6 hxg6 26. Nc3 Rxc4 27. Qd3 Nxc3+
28. Bxc3 Qc7 29. Kb2 d5 30. h4 Rc8 31. f4 Qxf4 32. Rg4 Qxf2+ 33. Kb1 Rxc3 34.
Rf1 Rc1+ {White resigns} 0-1

[Event "Team 45 45 League T28"]
[Site "Internet Chess Club"]
[Date "2005.10.17"]
[Round "5"]
[White "dougmo"]
[Black "reijo"]
[Result "1/2-1/2"]
[WhiteElo "1518"]
[BlackElo "1484"]
[TimeControl "2700+45"]

1. e4 c6 2. d3 d5 3. Nd2 e5 4. Ngf3 Bd6 5. g3 Nf6 6. Bg2 O-O 7. O-O Re8 8. Re1
Nbd7 9. c3 a5 10. d4 exd4 11. Nxd4 dxe4 12. Nxe4 Nxe4 13. Bxe4 Nf6 {Game drawn
by mutual agreement} 1/2-1/2

[Event "Team 45 45 League T28"]
[Site "Internet Chess Club"]
[Date "2005.10.19"]
[Round "5"]
[White "ogoon"]
[Black "e4ia"]
[Result "0-1"]
[WhiteElo "1594"]
[BlackElo "1555"]
[TimeControl "2700+45"]

1. b4 b6 2. Bb2 Bb7 3. e3 d6 4. d4 Nf6 5. Nf3 Nbd7 6. Bc4 Ne4 7. Nc3 Ndf6 8.
Nxe4 Nxe4 9. d5 c6 10. b5 cxd5 11. Bxd5 Qc7 12. Bxb7 Qxb7 13. O-O Rc8 14. Nd4
Rc4 15. Nc6 e6 16. a4 a5 17. Qd3 d5 18. f3 Nc5 19. Qe2 Nxa4 20. Bd4 Nc3 21. Bxc3
Rxc3 22. Qd2 Rc5 23. Qd3 Bd6 24. e4 Qc7 25. h3 O-O 26. Rae1 Bg3 27. Re2 f6 28.
exd5 Rxd5 29. Qa3 Bd6 30. Qb3 Bc5+ 31. Kh1 Qd6 32. Rfe1 Re8 33. c4 Rd3 34. Qc2
e5 35. f4 e4 36. Rxe4 Rxe4 37. Rxe4 Rd1+ 38. Kh2 Qd3 39. Re8+ Kf7 40. Qxd3 Rxd3
41. Re4 a4 42. Nd8+ Kg6 43. Ne6 Bf2 44. f5+ Kxf5 45. Rf4+ Kxe6 46. Rxf2 Rc3 47.
Re2+ Kd6 48. c5+ Kxc5 49. Re7 a3 50. Rxg7 a2 51. Ra7 Rc2 52. Kg3 Kb4 53. Kh4
Rxg2 54. Kh5 Kb3 55. Kh6 Kb2 56. h4 a1=Q 57. Rxa1 Kxa1 58. h5 Rg5 59. Kxh7 Rxh5+
60. Kg6 Rxb5 61. Kxf6 Rb1 {White resigns} 0-1

[Event "Team 45 45 League T28"]
[Site "Internet Chess Club"]
[Date "2005.10.14"]
[Round "5"]
[White "nanning"]
[Black "egd01"]
[Result "1-0"]
[WhiteElo "1646"]
[BlackElo "1502"]
[TimeControl "2700+45"]

1. d4 d5 2. Nf3 c6 3. c4 Nf6 4. e3 Bg4 5. Qb3 Qc7 6. Ne5 Nbd7 7. Nxg4 Nxg4 8. h3
Ngf6 9. cxd5 cxd5 10. Bd2 e6 11. Bb4 Bxb4+ 12. Qxb4 Qc1+ 13. Ke2 Qc4+ 14. Qxc4
dxc4 15. Kf3 b5 16. a4 bxa4 17. Bxc4 O-O 18. Nc3 Nb6 19. Bb5 Rab8 20. Bxa4 Nc4
21. Bb5 Nxb2 22. Rxa7 Rfc8 23. Rb1 Rxc3 24. Rxb2 g6 25. Raa2 Ne8 26. Bxe8 Rxe8
27. Rb7 Rf8 28. Raa7 Kg7 29. Rd7 Rc6 30. d5 exd5 31. Rxd5 Rf6+ 32. Kg3 Rc6 33.
Rdd7 Re6 34. Rd4 Rc6 35. e4 Kg8 36. Rd5 Re6 37. e5 Kg7 38. f4 Kh6 39. Rd6 Ree8
40. Rdd7 Kg7 41. Kg4 h6 42. h4 Re6 43. Rd6 Rxd6 44. exd6 Rd8 45. d7 Kf6 46. h5
Ke7 47. hxg6 fxg6 48. Ra6 Kf7 49. Rd6 g5 50. Rxh6 gxf4 51. Kxf4 Ke7 52. Rh7+ Ke6
53. g4 Rf8+ 54. Kg3 Rd8 55. Kh4 Rxd7 56. Rxd7 Kxd7 57. Kg5 Ke6 58. Kg6 Ke7 59.
Kg7 Ke6 60. g5 Ke7 61. g6 Ke8 62. Kg8 Ke7 63. g7 {Black resigns} 1-0

[Event "Team 45 45 League T28"]
[Site "Internet Chess Club"]
[Date "2005.10.16"]
[Round "5"]
[White "calily"]
[Black "stakastra"]
[Result "1/2-1/2"]
[WhiteElo "1581"]
[BlackElo "1542"]
[TimeControl "2700+45"]

1. e4 d6 2. d4 Nf6 3. Nc3 b6 4. Be3 Bb7 5. f3 Nbd7 6. Bc4 e5 7. Nge2 Be7 8. Qd2
exd4 9. Bxd4 Ne5 10. Bb5+ c6 11. Ba4 O-O 12. Bb3 b5 13. a3 Nc4 14. Bxc4 bxc4 15.
O-O Nd7 16. f4 Bf6 17. Rf3 c5 18. Bf2 Qe7 19. Re3 Rad8 20. Nd5 Qe6 21. f5 Qe5
22. c3 Bg5 23. Bg3 Bxe3+ 24. Qxe3 Qe8 25. Bxd6 Bxd5 26. Bxf8 Nxf8 27. Rd1 Ba8
28. Rxd8 Qxd8 29. e5 Qd5 30. Nf4 Qd1+ 31. Kf2 Qc2+ 32. Kg3 Qxf5 33. Kf2 Ne6 34.
g3 Nxf4 35. gxf4 g6 36. Qxc5 Qxf4+ 37. Ke1 Qe4+ 38. Kd1 Bd5 39. Qd4 Qh1+ 40. Kd2
Qxh2+ 41. Ke1 Be6 42. a4 Qxb2 43. Qd8+ Kg7 44. Qf6+ Kg8 45. Qd8+ Kg7 46. Qf6+
Kh6 47. Qh4+ Kg7 48. Qf6+ Kf8 49. Qd8+ Kg7 {Game drawn by repetition} 1/2-1/2

[Event "Team 45 45 League T28"]
[Site "Internet Chess Club"]
[Date "2005.10.16"]
[Round "5"]
[White "Trixi"]
[Black "mambomex"]
[Result "0-1"]
[WhiteElo "1503"]
[BlackElo "1545"]
[TimeControl "2700+45"]

1. e4 e5 2. Nf3 Nc6 3. Nc3 Nf6 4. Bb5 d6 5. d4 Be7 6. O-O Bd7 7. Bg5 Nxd4 8.
Nxd4 exd4 9. Qxd4 Bxb5 10. Nxb5 O-O 11. Nc3 Re8 12. f4 h6 13. Bh4 Nxe4 14. Bxe7
Nxc3 15. Bxd8 Ne2+ 16. Kh1 Nxd4 17. Bxc7 Nxc2 18. Rac1 Ne3 19. Rfe1 Nf5 20. g4
Rxe1+ 21. Rxe1 Rc8 22. gxf5 Rxc7 23. Rd1 Rd7 24. Kg2 Kf8 25. Kf3 Ke7 26. Rd2 Kf6
27. Kg4 d5 28. h3 d4 29. Rd3 Rd5 30. h4 h5+ 31. Kxh5 Rxf5+ 32. Kg4 Rd5 33. Kg3
Kf5 34. Kf3 b5 35. b4 g6 36. a3 Rd8 37. Kg3 a6 38. Kf3 Rd7 39. Kg3 Ke4 40. Rd1
d3 41. Re1+ Kd4 42. Kf3 d2 43. Rd1 Kc3 44. Ke2 Re7+ 45. Kf1 Kc2 {White resigns}
0-1

[Event "Team 45 45 League T28"]
[Site "Internet Chess Club"]
[Date "2005.10.16"]
[Round "5"]
[White "arriero55"]
[Black "hotzoddy"]
[Result "1-0"]
[WhiteElo "1395"]
[BlackElo "1262"]
[TimeControl "2700+45"]

1. e4 e6 2. d4 d5 3. e5 c5 4. c3 Nc6 5. Nf3 Qb6 6. Bd3 cxd4 7. cxd4 Nxd4 8. Nxd4
Qb4+ 9. Qd2 Qxd4 10. Qe2 Bd7 11. O-O a6 12. Rd1 Qb6 13. Nd2 Be7 14. Nf3 O-O-O
15. Be3 Qb4 16. Ba7 Bc6 17. Rac1 Nh6 18. Nd4 Kc7 19. Qc2 Bc5 20. Bxc5 Qa5 21.
Bd6+ Rxd6 22. exd6+ Kxd6 23. Nxc6 bxc6 24. Qxc6+ Ke5 25. Qc7+ Kf6 26. Qxa5
{Black resigns} 1-0

[Event "Team 45 45 League T28"]
[Site "Internet Chess Club"]
[Date "2005.10.18"]
[Round "5"]
[White "camembert"]
[Black "kikian"]
[Result "1/2-1/2"]
[WhiteElo "1872"]
[BlackElo "2041"]
[TimeControl "2700+45"]

1. d4 g6 2. c4 Bg7 3. e4 d6 4. Nc3 Nc6 5. d5 Nd4 6. Nge2 c5 7. Be3 e5 8. dxe6
Nxe6 9. Qd2 Nf6 10. f3 O-O 11. Nf4 Nd4 12. Be2 Nd7 13. O-O Ne5 14. Nfd5 a6 15.
Kh1 Nec6 16. Rab1 Qa5 17. Bg5 f6 18. Bf4 Ne5 19. Be3 Nec6 20. Bd3 Be6 21. Qf2 f5
22. Bg5 Rae8 23. Qh4 Rf7 24. Rfe1 Ne5 25. exf5 Bxf5 26. Bxf5 Nxf5 27. Qf2 h6 28.
Bd2 Qd8 29. Qf1 Qh4 30. Kg1 Rff8 31. Ne4 Nd4 32. f4 g5 33. Be3 Ng4 34. h3 Nxe3
35. Rxe3 Nf5 36. Ree1 Bd4+ 37. Kh2 Rxe4 38. Rxe4 Ng3 39. Qe1 Nxe4 40. Qxe4 Kg7
41. Re1 gxf4 42. Qe7+ Qxe7 43. Rxe7+ Rf7 44. Re2 f3 45. gxf3 Rxf3 46. Kg2 Rf7
47. b3 Be5 48. Re4 h5 49. Re2 Kh6 50. Re3 Rg7+ 51. Kf1 h4 52. Re4 Kh5 53. Nf4+
Bxf4 54. Rxf4 b5 55. Rf5+ Kg6 56. Rd5 Rd7 57. Kf2 Rf7+ 58. Ke2 Rf6 59. Ke3 b4
60. Ke2 a5 61. Ke3 Re6+ 62. Kf2 Kf6 63. Kf3 Ke7 64. Rh5 Rf6+ 65. Ke3 Re6+ 66.
Kf3 Rf6+ 67. Ke3 Re6+ 68. Kf3 {Game drawn by repetition} 1/2-1/2

[Event "Team 45 45 League T28"]
[Site "Internet Chess Club"]
[Date "2005.10.14"]
[Round "5"]
[White "LittleTom"]
[Black "six-killer"]
[Result "0-1"]
[WhiteElo "1816"]
[BlackElo "1795"]
[TimeControl "2700+45"]

1. e4 c5 2. Nf3 d6 3. Bb5+ Bd7 4. Bxd7+ Qxd7 5. c4 Nc6 6. d4 cxd4 7. Nxd4 Nf6 8.
Nc3 g6 9. f3 Bg7 10. Be3 O-O 11. a3 Qd8 12. Qd2 Re8 13. g4 Nd7 14. h4 Nde5 15.
Qe2 Nxd4 16. Bxd4 Nxf3+ 17. Qxf3 Bxd4 18. h5 Rf8 19. g5 Qa5 20. hxg6 fxg6 21.
Qh3 Bxc3+ 22. bxc3 Rf7 23. Rb1 Qxg5 24. Ke2 Raf8 25. Rbg1 Rf2+ {White resigns}
0-1  



   **ANNOUNCEMENT** from ROBOadmin: "help event2" for a list of all the upcoming events on the Internet Chess Club!

[Event "Team 45 45 League T28"]
[Site "Internet Chess Club"]
[Date "2005.10.14"]
[Round "5"]
[White "Stav"]
[Black "rjml"]
[Result "0-1"]
[WhiteElo "1626"]
[BlackElo "1823"]
[TimeControl "2700+45"]

1. d4 Nf6 2. Nf3 b6 3. Bg5 Bb7 4. Bxf6 exf6 5. e3 f5 6. Bd3 Qf6 7. Nbd2 Nc6 8.
c3 Bd6 9. Qc2 Ne7 10. Nc4 O-O 11. Nxd6 cxd6 12. Kd2 Rac8 13. Rae1 a6 14. Rhg1 b5
15. e4 b4 16. e5 dxe5 17. Nxe5 bxc3+ 18. bxc3 Rc7 19. g4 Qh6+ 20. Kd1 Nd5 21.
Nc4 Nf4 22. gxf5 Bf3+ 23. Be2 Nxe2 24. Rxe2 Rxc4 {White resigns} 0-1

[Event "Team 45 45 League T28"]
[Site "Internet Chess Club"]
[Date "2005.10.15"]
[Round "5"]
[White "Avedldesierto"]
[Black "RD1974"]
[Result "1-0"]
[WhiteElo "1655"]
[BlackElo "1725"]
[TimeControl "2700+45"]

1. e4 c5 2. Nf3 Nc6 3. d4 cxd4 4. Nxd4 Nf6 5. Nc3 e6 6. Ndb5 Bb4 7. Bg5 Qa5 8.
Bxf6 gxf6 9. Qd2 a6 10. Nd6+ Ke7 11. O-O-O Qe5 12. Nxc8+ Raxc8 13. Qxd7+ Kf8 14.
Qxc8+ Kg7 15. Qxb7 Bxc3 16. bxc3 Qf4+ 17. Rd2 Rd8 18. Bd3 Ne5 19. Qxa6 Ng4 20.
f3 Nxh2 21. Qa5 Rb8 22. Qh5 Nxf3 23. gxf3 Qd6 24. Qh6+ Kg8 25. Rg1+ {Black
resigns} 1-0  


egd01(71): jeje yo también estoy en crisis

[Event "Team 45 45 League T28"]
[Site "Internet Chess Club"]
[Date "2005.10.20"]
[Round "5"]
[White "MiroslavR"]
[Black "rss"]
[Result "1/2-1/2"]
[WhiteElo "1955"]
[BlackElo "1804"]
[TimeControl "2700+45"]

1. e4 e6 2. d4 d5 3. Nc3 dxe4 4. Nxe4 Bd7 5. Nf3 Bc6 6. Bd3 Nd7 7. O-O Ngf6 8.
Ng3 Bxf3 9. Qxf3 c6 10. b3 Be7 11. c4 Nb6 12. Bb2 O-O 13. Rad1 Qc7 14. Ne4 Nbd7
15. Ng5 h6 16. Ne4 Nxe4 17. Qxe4 Nf6 18. Qe2 Qa5 19. a3 Rad8 20. b4 Qc7 21. Rfe1
Rfe8 22. Bb1 g6 23. Qf3 Nh5 24. d5 cxd5 25. cxd5 Rxd5 26. Rxd5 exd5 27. Qxd5 Kf8
28. Qf3 Bf6 29. Rxe8+ Kxe8 30. Qe3+ Qe7 31. Qxe7+ {Game drawn by mutual
agreement} 1/2-1/2

[Event "Team 45 45 League T28"]
[Site "Internet Chess Club"]
[Date "2005.10.13"]
[Round "5"]
[White "ARONOVICH"]
[Black "TheBogNug"]
[Result "0-1"]
[WhiteElo "1721"]
[BlackElo "1865"]
[TimeControl "2700+45"]

1. e4 c5 2. Nf3 e6 3. d4 cxd4 4. Nxd4 Nc6 5. Nc3 a6 6. Be2 Qc7 7. O-O Nf6 8. Be3
b5 9. a3 Bb7 10. f3 Be7 11. Kh1 O-O 12. Qe1 Nxd4 13. Bxd4 e5 14. Be3 d5 15. exd5
Nxd5 16. Nxd5 Bxd5 17. Bd3 Rfe8 18. Qf2 Bf6 19. Rad1 e4 20. fxe4 Bxe4 21. Bxe4
Rxe4 22. Bb6 Qe7 23. Qf3 Re8 24. h3 Qe6 25. Bf2 Bxb2 26. Rd3 Bf6 27. Rfd1 h6 28.
Rd6 Qe5 29. Bg3 Qg5 30. Rd7 Re3 31. Bf4 Rxf3 32. Bxg5 Rf2 33. Bxf6 Rxf6 34. R1d2
Re3 35. R7d3 Rxd3 36. Rxd3 Kf8 37. Kg1 Ke7 38. g3 g5 39. Kg2 Ke6 40. Rc3 Kd5 41.
Rc8 Kd4 42. g4 Kd5 43. Rc7 Rf4 44. Kg3 Ra4 45. Rc3 Rc4 46. Rf3 Rxc2 47. Rxf7
Rc3+ 48. Kg2 Rc6 49. Rf3 Kd4 50. Rb3 Rc3 51. Rb4+ Rc4 52. Rb3 Kc5 53. Kf2 a5 54.
Ke2 b4 55. Kd3 a4 56. axb4+ Rxb4 57. Ra3 Rb3+ 58. Rxb3 axb3 59. Kc3 Kd5 60. Kxb3
Ke4 61. Kc4 Kf3 62. Kd5 Kg3 63. Ke5 Kxh3 64. Kf5 Kh4 {White resigns} 0-1

[Event "Team 45 45 League T28"]
[Site "Internet Chess Club"]
[Date "2005.10.15"]
[Round "5"]
[White "ears"]
[Black "qs16"]
[Result "0-1"]
[WhiteElo "1665"]
[BlackElo "1639"]
[TimeControl "2700+45"]

1. d3 c5 2. e4 d6 3. g3 Nc6 4. Bg2 g6 5. Ne2 Bg7 6. c3 e6 7. Na3 Nge7 8. O-O O-O
9. Nc2 e5 10. f4 exf4 11. Nxf4 Bd7 12. Be3 Qc8 13. Qd2 b5 14. Rac1 Rb8 15. d4 c4
16. a3 a5 17. Qf2 b4 18. Ra1 bxc3 19. bxc3 Rb2 20. Rfb1 Qb7 21. Rxb2 Qxb2 22.
Qd2 Rb8 23. Rc1 Rb3 24. Ne2 Bg4 25. Ne1 Qxa3 26. Nf3 Nb4 27. h3 Rb2 28. Qd1 Bd7
29. Ra1 Ra2 30. Rxa2 Nxa2 31. Qa1 Qb3 32. Ne1 a4 33. Bd2 Nc6 34. Nc1 Nxc1 35.
Bxc1 Qxc3 36. Qxc3 Bxd4+ 37. Qxd4 Nxd4 38. Nf3 Ne2+ {White resigns} 0-1